 Dungeon Crawl Stone Soup version 0.19.0-2-gae57169 (webtiles) character file.

1617 Leibowitz the Slicer (level 9, -2/52 HPs)
             Began as a Kobold Gladiator on Nov 6, 2016.
             Was a Follower of Uskayaw.
             Slain by Blork the orc
             ... wielding a +0 mace
              (6 damage)
             ... on level 6 of the Dungeon.
             The game lasted 00:20:19 (5782 turns).

Leibowitz the Slicer (Kobold Gladiator)             Turns: 5782, Time: 00:20:21

Health: -2/52      AC:  7    Str: 13    XL:     9   Next: 17%
Magic:  0/9        EV: 17    Int:  9    God:    Uskayaw [*.....]
Gold:   276        SH: 10    Dex: 20    Spells: 0 memorised, 8 levels left

rFire  . . .     SeeInvis .     a - +0 rapier
rCold  . . .     Gourm    .     y - +2 robe {MR+}
rNeg   . . .     Faith    .     z - +0 shield
rPois  .         Spirit   +     c - +0 helmet
rElec  .         Reflect  .     B - +1 cloak
rCorr  .         Harm     .     (no gloves)
MR     ++...                    (no boots)
Stlth  ++++......               D - amulet of guardian spirit
                                (no ring)
                                o - ring of protection from magic

@: no status effects
A: thin skeletal structure 1, blurry vision 1, carnivore 3, sense surroundings 1
a: Stomp, Renounce Religion


You were on level 6 of the Dungeon.
You worshipped Uskayaw.
Uskayaw was noncommittal.
You were very full.

You visited 2 branches of the dungeon, and saw 7 of its levels.
You also visited: Sewer.

You collected 424 gold pieces.
You spent 148 gold pieces at shops.

Inventory:

Hand Weapons
 a - a +0 rapier (weapon)
Missiles
 d - 2 throwing nets (quivered)
 p - 23 poisoned needles
Armour
 c - a +0 helmet (worn)
 y - a +2 robe of magic resistance (worn)
 z - a +0 shield (worn)
 B - a +1 cloak (worn)
Jewellery
 o - a ring of protection from magic (left hand)
 D - an amulet of guardian spirit (around neck)
Scrolls
 b - a scroll of teleportation {unknown}
 i - 3 scrolls of recharging {unknown}
 k - 3 scrolls of immolation {unknown}
 m - 2 scrolls of blinking {unknown}
 n - 4 scrolls of noise {unknown}
 q - 2 scrolls of identify {unknown}
 r - a scroll of fear {unknown}
 t - a scroll of enchant weapon {unknown}
 u - 4 scrolls of remove curse {unknown}
 v - 2 scrolls of magic mapping {unknown}
 w - a scroll of random uselessness {unknown}
 x - a scroll of amnesia {unknown}
 A - 3 scrolls of fog {unknown}
Potions
 e - 2 potions of mutation
 g - a potion of heal wounds
 h - 3 potions of lignification {unknown}
 j - a potion of berserk rage {unknown}
 l - 2 potions of brilliance {unknown}
 E - a potion of degeneration {unknown}
Comestibles
 f - 3 meat rations
 s - 2 royal jellies


   Skills:
 + Level 4.3 Fighting
 + Level 9.6 Short Blades
 + Level 2.3 Throwing
 + Level 1.4 Armour
 + Level 6.6 Dodging
 + Level 4.7 Stealth
 * Level 3.8 Shields


You had 8 spell levels left.
You didn't know any spells.

Dungeon Overview and Level Annotations

Branches:
Dungeon (6/15)             Temple (1/1) D:6

Altars:
Dithmenos
Elyvilon
Hepliaklqana
Makhleb
Qazlal
Ru
Trog
Uskayaw
Vehumet
Xom
Zin

Shops:
D:4 *

Annotations:
D:6 Blork the orc


Innate Abilities, Weirdness & Mutations

You are small and have problems with some larger weapons.
You are carnivorous and can eat meat at any time.
You have a somewhat thin skeletal structure. (Dex +2, Stealth)
Scrolls take you a little longer to read.
You passively map a small area around you.


Message History

The orc hits you but does no damage. Blork the orc casts a spell at you.
The magic dart hits you!
You hit the orc but do no damage.
The orc is almost dead.
You hit the orc.
You kill the orc!
You block Blork the orc's attack.
You hit the orc priest.
The orc priest is lightly wounded.
You hit the orc priest.
The orc priest is moderately wounded.
Blork the orc completely misses you. The orc priest hits you with a dagger.
You puncture the orc priest!
The orc priest is severely wounded.
The orc priest invokes the aid of Beogh against you.
Beogh smites you!
* * * LOW HITPOINT WARNING * * *
Blork the orc hits you with a mace!
You die...

#>. ......###(..#.#... *
#.##.#....#..#..#...#.. .### ,,
#.##.#...#...###.....## .....#
*#.##.#......#..#.....#. #?#...
#.##.......#.%.#.....#.
#....#.##.####(.......#.#...#.#
%#.#..%...ooo.........#...#.#...
.(....####.####o#...............
...>.......####@#.#######.#..##.
#.#...........o................
############################# *


You could see Blork the orc and an orc priest.

Vanquished Creatures
  Grinder (D:6)
  An orc warrior (D:6)
  A sky beast (D:5)
  2 phantoms
  A centaur (D:6)
  A big kobold (D:6)
  3 bullfrogs
  5 crimson imps
  A bullfrog skeleton (D:5)
  An orc priest (D:6)
  2 hounds
  An iguana (D:5)
  A jelly (D:6)
  4 orc wizards
  2 hound zombies (D:5)
  A worker ant zombie (D:5)
  A gnoll (D:1)
  5 adders
  4 oozes (Sewer)
  A worm (D:2)
  19 leopard geckos
  18 orcs
  9 ball pythons
  7 giant cockroaches (Sewer)
  6 goblins
  8 hobgoblins
  8 jackals
  5 quokkas
  5 bats
  9 frilled lizards
  8 kobolds
  A leopard gecko zombie (D:6)
  A quokka skeleton (D:5)
  11 rats
154 creatures vanquished.

Vanquished Creatures (others)
  A quokka (D:4)
1 creature vanquished.

Grand Total: 155 creatures vanquished

Notes
Turn   | Place    | Note
-------+----------+-------------------------------------------
     0 | D:1      | Leibowitz the Kobold Gladiator began the quest for the Orb.
     0 | D:1      | Reached XP level 1. HP: 12/12 MP: 1/1
    88 | D:1      | Reached XP level 2. HP: 14/17 MP: 2/2
   347 | D:1      | Reached XP level 3. HP: 15/22 MP: 3/3
   754 | D:2      | Reached skill level 5 in Short Blades
   761 | D:2      | Found a burning altar of Makhleb.
  1029 | D:2      | Reached XP level 4. HP: 26/27 MP: 4/4
  1465 | D:3      | Found a shadowy altar of Dithmenos.
  1678 | D:3      | Found a radiant altar of Vehumet.
  2060 | D:3      | Found a hazy altar of Hepliaklqana.
  2176 | D:3      | Reached skill level 1 in Stealth
  2349 | D:4      | Reached XP level 5. HP: 19/31 MP: 5/5
  2706 | D:4      | Found a shimmering altar of Xom.
  2708 | D:4      | Found a stormy altar of Qazlal.
  2791 | D:4      | Found a white marble altar of Elyvilon.
  2954 | D:4      | Found Doess's Assorted Antiques.
  3060 | D:4      | Bought a dented bronze amulet for 110 gold pieces
  3060 | D:4      | Bought a viscous yellow potion for 19 gold pieces
  3060 | D:4      | Bought a lumpy blue potion for 19 gold pieces
  3391 | D:4      | Reached skill level 6 in Short Blades
  3391 | D:4      | Reached skill level 1 in Armour
  3391 | D:4      | Reached XP level 6. HP: 29/36 MP: 4/6
  3506 | D:5      | Entered Level 5 of the Dungeon
  3680 | D:5      | Reached skill level 5 in Dodging
  3720 | D:5      | Reached skill level 1 in Shields
  3836 | D:5      | Noticed a phantom
  3865 | D:5      | Killed a phantom
  3865 | D:5      | Reached skill level 7 in Short Blades
  3865 | D:5      | Reached XP level 7. HP: 32/40 MP: 7/7
  4265 | D:5      | Found a shimmering altar of Xom.
  4267 | D:5      | Found a radiant altar of Vehumet.
  4267 | D:5      | Found a sparkling altar of Nemelex Xobeh.
  4269 | D:5      | Found a hide-covered altar of Uskayaw.
  4269 | D:5      | Found a white marble altar of Elyvilon.
  4269 | D:5      | Found a stormy altar of Qazlal.
  4355 | D:5      | Found a sacrificial altar of Ru.
  4423 | D:6      | Found a staircase to the Ecumenical Temple.
  4458 | Temple   | Entered the Ecumenical Temple
  4498 | Temple   | Became a worshipper of Uskayaw the Reveler
  4539 | D:6      | Reached * piety under Uskayaw
  4543 | D:6      | Reached ** piety under Uskayaw
  4608 | D:6      | Found a glowing drain.
  4614 | Sewer    | Entered a sewer
  4787 | Sewer    | Reached XP level 8. HP: 43/46 MP: 6/8
  4928 | Sewer    | Reached *** piety under Uskayaw
  4982 | Sewer    | Reached skill level 8 in Short Blades
  5003 | Sewer    | Reached **** piety under Uskayaw
  5303 | D:6      | Noticed Grinder
  5447 | D:6      | Killed Grinder
  5447 | D:6      | Reached skill level 9 in Short Blades
  5476 | D:6      | Reached XP level 9. HP: 40/52 MP: 7/9
  5517 | D:6      | Gained mutation: You have a somewhat thin skeletal structure. (Dex +2, Stealth) [potion of mutation]
  5517 | D:6      | Gained mutation: Scrolls take you a little longer to read. [potion of mutation]
  5517 | D:6      | Gained mutation: You passively map a small area around you. [potion of mutation]
  5751 | D:6      | Noticed Blork the orc
  5782 | D:6      | Slain by Blork the orc

Skill      XL: |  1  2  3  4  5  6  7  8 |
---------------+-------------------------+-----
Dodging        | 4 5 6 |  6.6
Short Blades   | 5 6 7 9 |  9.6
Stealth        | 1 2 4 |  4.7
Armour         | 1 |  1.4
Shields        | 1 2 3 |  3.8
Fighting       | 3 4 |  4.3
Throwing       | |  2.3

Action                   |  1- 3 |  4- 6 |  7- 9 || total
-------------------------+-------+-------+-------++-------
Melee: Rapier            |    94 |   266 |   430 ||   790
Throw: Throwing net      |       |       |     1 ||     1
  Use: Potion            |       |       |     2 ||     2
 Stab: Sleeping          |     1 |     4 |     3 ||     8
       Paralysed         |       |       |     8 ||     8
       Held in net/web   |       |       |     1 ||     1
  Eat: Chunk             |     9 |     9 |     5 ||    23
Armor: Leather armour    |    16 |    18 |       ||    34
       Robe              |       |    30 |    59 ||    89
Dodge: Dodged            |    83 |   145 |   248 ||   476
Block: Shield            |       |    46 |   207 ||   253
